Map: [ESL] Gresvan

Players

Cure - Winner!

  • Race: Terran Terran

Spirit

  • Race: Terran Terran

Event: IEM Katowice 2023

VOD

Have the link to the VOD?

Description

Time

  • Played on: Feb. 8, 2023, 2:07 p.m.
  • Length: 26:09

All games in this series

Show
View Real Time Build Order
Export as new Build Order

Cure Terran - Winner!

Build Orders:  

Get SALT Encoding   

  12  0:00  SCV  
  13  0:12  SCV  
  14  0:17  Supply Depot  
  14  0:24  SCV  
  15  0:38  SCV  
  15  0:40  Barracks  
  16  0:44  Refinery  
  16  0:50  SCV  
  16  0:52  Refinery  
  17  1:02  SCV  
  18  1:14  SCV  
  19  1:27  Orbital Command, Reaper  
  19  1:32  Supply Depot  
  20  1:40  Factory  
  20  1:52  SCV  
  21  1:59  Reaper  
  22  2:05  SCV  
  23  2:15  Command Center  
  23  2:17  SCV  
  24  2:24  Hellion  
  27  2:30  SCV  
  27  2:31  Reaper  
  27  2:35  Supply Depot  
  28  2:42  SCV  
  29  2:46  Widow Mine  
  29  2:49  Starport  
  31  2:57  SCV  
  32  3:03  Barracks Reactor  
  32  3:07  Factory Tech Lab  
  32  3:09  SCV  
  33  3:19  Refinery  
  33  3:21  SCV  
  33  3:26  Cyclone  
  33  3:27  Orbital Command, Starport Tech Lab  
  37  3:33  SCV  
  38  3:40  Marine x2  
  40  3:45  SCV  
  40  3:46  Raven  
  43  3:49  Supply Depot  
  43  3:52  SCV  
  44  3:57  Marine, SCV  
  44  3:58  Marine  
  44  4:01  Siege Tank  
  50  4:05  SCV  
  50  4:09  SCV  
  52  4:13  Supply Depot  
  52  4:15  Marine x2  
  54  4:17  SCV  
  54  4:20  Raven  
  54  4:21  SCV  
  58  4:29  SCV  
  59  4:34  SCV  
  59  4:35  Siege Tank  
  59  4:38  Supply Depot  
  63  4:42  SCV  
  64  4:46  SCV  
  64  4:50  Command Center  
  65  4:55  Raven  
  65  4:56  SCV  
  65  4:58  Marine, SCV  
  65  4:59  Marine  
  71  5:02  Supply Depot  
  71  5:09  SCV  
  71  5:10  SCV  
  71  5:11  Siege Tank  
  76  5:15  Supply Depot  
  76  5:21  SCV  
  77  5:22  SCV  
  77  5:28  Barracks  
  78  5:32  Barracks  
  78  5:33  SCV  
  78  5:34  SCV  
  78  5:35  Starport Reactor  
  77  5:37  Marine, Stimpack  
  78  5:45  SCV  
  78  5:46  SCV  
  80  5:50  Siege Tank  
  80  5:53  Refinery, Supply Depot  
  80  5:56  Engineering Bay  
  80  5:57  Engineering Bay  
  80  6:03  SCV  
  80  6:04  Orbital Command, SCV  
  81  6:06  Marine  
  82  6:16  SCV x2  
  82  6:17  Marine x2  
  86  6:19  Starport Reactor  
  86  6:22  Siege Tank  
  86  6:23  Barracks  
  86  6:25  Marine, Barracks  
  89  6:29  Marine x2  
  89  6:30  SCV x2  
  89  6:31  SCV  
  95  6:37  Marine x2  
  96  6:43  Marine  
  96  6:45  SCV x2  
  96  6:46  Marine  
  95  6:49  Supply Depot  
  94  6:54  Siege Tank  
  94  6:58  Marine x2  
  94  6:59  Terran Infantry Armor Level 1, Terran Infantry Weapons Level 1  
  61  7:08  Medivac  
  96  7:11  SCV x3  
  96  7:13  Medivac  
  103  7:19  Barracks Reactor  
  103  7:23  Marine x5  
  103  7:26  SCV x3  
  103  7:28  Combat Shield  
  111  7:30  Marine  
  112  7:38  SCV x2  
  112  7:41  Marine, Barracks Reactor  
  115  7:47  Marine x2  
  115  7:50  Supply Depot  
  117  7:51  Supply Depot  
  117  7:52  Marine x2  
  117  7:53  SCV x3  
  117  7:58  Refinery x2  
  122  7:59  Marine  
  122  8:00  Sensor Tower, Armory  
  122  8:05  SCV x2  
  125  8:12  Medivac, SCV  
  128  8:14  Medivac, Supply Depot x2  
  130  8:22  Missile Turret  
  130  8:23  SCV x2  
  130  8:24  SCV  
  133  8:29  Siege Tank  
  133  8:30  Command Center  
  136  8:35  SCV x2  
  136  8:36  SCV  
  136  8:40  Marine x7  
  136  8:41  Marine  
  148  8:43  Supply Depot  
  148  8:45  Supply Depot  
  148  8:47  SCV x2  
  148  8:48  Terran Vehicle Weapons Level 1, SCV  
  150  8:55  Medivac  
  150  8:56  Medivac  
  150  8:58  Factory  
  150  9:01  Terran Infantry Armor Level 2  
  154  9:03  SCV  
  154  9:04  SCV x2  
  154  9:07  Barracks Reactor  
  154  9:15  Marine x6  
  154  9:16  Marine x2  
  162  9:17  Siege Tank  
  162  9:22  Barracks x2, Supply Depot  
  162  9:24  Barracks, Supply Depot  
  165  9:28  SCV x3  
  168  9:33  Marine x5  
  173  9:41  Marine, Terran Infantry Weapons Level 2  
  173  9:44  Planetary Fortress  
  173  9:46  Marine x4  
  177  9:54  Siege Tank x2  
  177  9:56  Medivac  
  177  9:57  Marine x4  
  184  10:04  SCV x2  
  184  10:05  SCV  
  186  10:10  Marine x8  
  192  10:20  Medivac  
  194  10:24  SCV x3  
  194  10:26  Siege Tank  
  183  10:55  Marine x6  
  174  10:58  Siege Tank x2  
  174  10:59  Marine x4  
  174  11:04  SCV x3  
  166  11:05  Marine x2  
  166  11:06  Marine, Medivac  
  166  11:07  Medivac  
  154  11:12  Marine, SCV  
  154  11:13  Marine x5  
  154  11:16  SCV x2  
  154  11:17  Marine x4  
  167  11:19  Command Center  
  167  11:23  Marine x3  
  170  11:30  Marine x4  
  170  11:31  Marine x2  
  176  11:34  Marine x4  
  176  11:35  Missile Turret  
  176  11:36  Siege Tank x2  
  187  11:47  Barracks Reactor x2  
  187  11:48  Marine x5  
  187  11:49  Barracks Reactor  
  187  11:50  Marine  
  187  11:51  Terran Vehicle Weapons Level 2  
  187  11:52  Marine x3, Terran Infantry Armor Level 3  
  187  11:53  Marine  
  190  12:06  Marine x2  
  186  12:14  Marine x5  
  186  12:15  Marine x3  
  187  12:16  Siege Tank x2  
  187  12:17  Terran Infantry Weapons Level 3  
  193  12:24  Marine x2  
  192  12:32  Marine x2  
  193  12:44  SCV x3  
  191  12:46  Planetary Fortress  
  191  12:47  SCV  
  193  12:53  Marine x8  
  193  12:56  SCV x2  
  168  13:08  Medivac  
  168  13:09  Siege Tank, Medivac  
  168  13:10  Siege Tank  
  168  13:11  Marine  
  168  13:12  Marine x3  
  177  13:30  Marine x4  
  177  13:39  Viking x2  
  181  13:49  Marine x6  
  181  13:51  Marine x2  
  181  13:52  Marine x2  
  181  13:59  Marine x6  
  181  14:01  Siege Tank  
  186  14:02  Siege Tank  
  176  14:20  Marine  
  173  14:29  Marine, Supply Depot x2  
  173  14:30  Supply Depot  
  173  14:32  Supply Depot  
  173  14:50  Marine x8  
  173  14:51  Marine x4, Siege Tank x2  
  188  15:05  Marine x3  
  157  15:08  Marine x5  
  157  15:11  Medivac  
  162  15:15  Marine x3  
  162  15:17  Orbital Command  
  153  16:11  Command Center  
  150  16:59  Viking x2  
  150  17:01  Command Center  
  154  17:29  Viking x2  
  158  17:35  SCV  
  159  17:47  SCV  
  159  17:48  SCV  
  161  18:01  SCV  
  161  18:02  Orbital Command  
  159  18:18  SCV  
  158  18:28  SCV  
  158  18:30  SCV  
  160  18:40  Sensor Tower, SCV  
  161  18:43  SCV  
  161  18:46  Planetary Fortress  
  162  18:50  Siege Tank x2  
  162  18:53  SCV  
  162  18:55  SCV  
  170  18:59  Viking  
  170  19:00  Viking  
  161  19:17  Marine x4  
  161  19:18  SCV x2  
  167  19:28  Siege Tank  
  167  19:29  SCV  
  167  19:30  SCV, Refinery  
  172  19:31  Refinery  
  172  19:38  Siege Tank  
  173  19:40  SCV  
  173  19:42  SCV  
  173  19:43  SCV  
  176  19:52  SCV  
  180  19:59  Liberator  
  180  20:01  SCV x2  
  180  20:04  SCV, Refinery  
  183  20:08  Viking  
  185  20:16  Refinery  
  185  20:17  SCV x2  
  186  20:24  Siege Tank  
  186  20:28  SCV  
  186  20:29  SCV x2  
  189  20:40  Siege Tank, SCV  
  189  20:41  SCV x2  
  195  20:47  Viking  
  197  20:54  Viking  
  198  21:27  Orbital Command  
  196  21:34  Command Center  
  196  21:36  Command Center  
  189  22:03  Marine x8  
  189  22:05  Siege Tank x2  
  167  22:12  Liberator x2  
  154  22:29  Marine x6  
  160  22:32  Orbital Command  
  157  22:49  SCV  
  158  22:55  Siege Tank x2, Viking x2  
  167  23:01  SCV x2  
  167  23:13  SCV x2  
  167  23:15  Marine x5  
  174  23:20  Marine  
  174  23:25  SCV  
  174  23:26  Marine x3  
  156  23:28  Viking x2  
  156  23:32  Marine x4  
  145  23:43  Marine x4  
  145  23:44  Marine x2  
  145  23:47  Siege Tank x2  
  157  23:53  Marine x2  
  159  24:02  Marine  
  152  24:30  Marine x6  
  131  24:42  Viking x2  
  126  25:14  Viking x2  
  130  25:33  Command Center  
  130  25:39  SCV  
  131  25:48  Marine x5  
Show
View Real Time Build Order
Export as new Build Order

Spirit Terran 

Build Orders:  

Get SALT Encoding   

  12  0:00  SCV  
  13  0:13  SCV  
  14  0:17  Supply Depot  
  14  0:25  SCV  
  15  0:38  SCV  
  15  0:39  Barracks  
  16  0:44  Refinery  
  16  0:50  SCV  
  16  0:53  Refinery  
  17  1:02  SCV  
  18  1:15  SCV  
  19  1:26  Reaper  
  19  1:27  Orbital Command  
  19  1:32  Supply Depot  
  20  1:42  Factory  
  20  1:52  SCV  
  21  1:59  Barracks Reactor  
  21  2:04  SCV  
  22  2:16  SCV  
  22  2:20  Command Center  
  23  2:26  Hellion  
  23  2:28  SCV  
  26  2:35  Reaper x2  
  28  2:41  SCV  
  28  2:42  Supply Depot  
  29  2:48  Widow Mine  
  31  2:59  Starport  
  31  3:03  SCV  
  32  3:06  Marine x2  
  32  3:10  Factory Tech Lab  
  34  3:15  SCV  
  35  3:24  Marine  
  35  3:25  Marine  
  35  3:26  Refinery  
  37  3:28  SCV  
  37  3:32  Cyclone  
  37  3:33  Orbital Command  
  41  3:36  Starport Tech Lab  
  41  3:42  SCV  
  41  3:46  Supply Depot  
  41  3:47  Marine x2  
  44  3:55  Raven  
  46  3:56  SCV  
  46  3:58  SCV  
  48  4:08  SCV  
  49  4:10  Marine x2  
  49  4:11  SCV  
  49  4:13  Cyclone  
  55  4:20  SCV  
  55  4:21  Supply Depot  
  55  4:23  SCV  
  57  4:29  Supply Depot  
  57  4:32  SCV, Raven  
  57  4:35  SCV  
  61  4:44  SCV  
  62  4:47  Siege Tank, SCV  
  66  4:55  Command Center  
  66  4:56  SCV  
  66  4:59  SCV  
  68  5:08  SCV  
  68  5:11  SCV  
  70  5:16  Viking  
  70  5:17  Medivac  
  70  5:19  Siege Tank  
  70  5:20  SCV, Supply Depot  
  78  5:21  Refinery  
  78  5:27  Supply Depot  
  78  5:28  Stimpack  
  78  5:30  SCV  
  78  5:33  SCV  
  78  5:42  SCV  
  78  5:46  Viking x2, SCV  
  78  5:50  Supply Depot  
  78  5:54  SCV  
  78  5:55  Marine  
  80  5:58  SCV  
  76  6:04  Siege Tank  
  76  6:07  SCV  
  76  6:08  Supply Depot  
  76  6:10  SCV  
  76  6:11  Orbital Command, Barracks  
  81  6:12  Marine  
  81  6:13  Barracks  
  82  6:19  SCV  
  82  6:22  SCV  
  82  6:23  Viking  
  82  6:25  Viking  
  88  6:30  Marine, Engineering Bay  
  88  6:31  SCV  
  90  6:33  Engineering Bay  
  90  6:38  Siege Tank  
  91  6:40  SCV  
  91  6:43  SCV  
  91  6:46  SCV  
  93  6:48  Marine  
  93  6:52  SCV  
  94  6:55  SCV  
  94  6:56  Viking x2  
  94  6:58  SCV  
  97  7:05  Terran Infantry Weapons Level 1, SCV, Barracks Reactor  
  97  7:06  Marine  
  97  7:07  SCV  
  100  7:10  SCV  
  101  7:16  Supply Depot  
  101  7:17  SCV, Supply Depot  
  101  7:19  SCV  
  103  7:23  SCV  
  103  7:24  Marine  
  103  7:26  Liberator x2  
  111  7:32  SCV  
  111  7:33  Combat Shield  
  111  7:34  Barracks Reactor  
  111  7:35  SCV  
  114  7:37  SCV  
  114  7:42  Supply Depot  
  114  7:44  SCV  
  114  7:50  SCV x2  
  117  7:51  Refinery  
  117  7:53  Refinery  
  117  7:55  Sensor Tower  
  117  7:56  Terran Infantry Armor Level 1  
  117  7:58  SCV  
  118  8:01  Barracks  
  118  8:02  Barracks  
  118  8:10  Command Center  
  118  8:11  Medivac x2  
  122  8:17  Marine  
  122  8:18  SCV  
  123  8:22  Siege Tank  
  123  8:23  Marine x4  
  130  8:31  Supply Depot  
  130  8:32  SCV, Supply Depot, Armory  
  130  8:33  SCV  
  132  8:35  Marine  
  132  8:36  SCV  
  132  8:41  Marine x4  
  134  8:45  Viking, Supply Depot  
  134  8:46  Viking  
  141  8:53  Marine  
  141  8:54  Siege Tank, Barracks Reactor  
  145  8:56  Barracks Reactor  
  145  8:58  SCV, Missile Turret  
  145  8:59  Marine x4, Missile Turret  
  145  9:00  SCV  
  151  9:06  SCV  
  151  9:08  Supply Depot  
  149  9:11  Marine  
  149  9:15  Viking  
  149  9:16  Viking  
  149  9:17  Marine x4  
  154  9:21  SCV x3  
  161  9:25  Factory  
  161  9:26  Siege Tank  
  161  9:29  Marine  
  165  9:31  Marine  
  165  9:33  SCV x3  
  165  9:34  Marine x2  
  170  9:38  Terran Infantry Weapons Level 2  
  170  9:40  Marine x5  
  170  9:45  SCV  
  174  9:46  Marine  
  174  9:48  Refinery  
  174  9:50  SCV x2  
  174  9:52  Marine x3  
  177  9:58  Marine x2  
  180  10:00  Marine  
  180  10:09  Refinery  
  180  10:11  Marine x3  
  180  10:17  Marine  
  180  10:18  Marine x2, SCV  
  180  10:20  Marine  
  180  10:21  Marine, Supply Depot  
  180  10:22  Marine, SCV  
  180  10:23  Supply Depot  
  180  10:25  Viking  
  180  10:38  Marine  
  180  10:40  Marine  
  180  10:41  Marine  
  180  10:43  Marine x3, Siege Tank, Viking  
  180  10:45  Marine x3, SCV  
  189  10:56  Marine  
  166  10:58  Marine  
  166  10:59  Marine  
  166  11:00  SCV  
  166  11:01  Marine x3  
  166  11:02  Marine x3  
  169  11:09  SCV  
  159  11:14  Marine, Liberator x2  
  159  11:15  Siege Tank  
  159  11:16  Marine  
  159  11:17  Marine  
  171  11:18  Marine x3  
  171  11:20  Marine x3  
  177  11:32  Marine, Planetary Fortress  
  178  11:33  SCV x2  
  178  11:34  Marine, Refinery  
  178  11:35  Refinery  
  181  11:42  Marine  
  181  11:44  Marine  
  181  11:45  Marine x5  
  188  11:49  Marine  
  188  11:50  Siege Tank  
  188  11:52  Marine  
  193  11:57  Liberator  
  193  12:00  Marine  
  194  12:02  Marine x2  
  194  12:06  Marine x2  
  194  12:08  Marine x2  
  196  12:09  Liberator  
  196  12:10  Marine  
  196  12:11  SCV  
  196  12:12  Marine, SCV  
  173  12:17  Marine  
  173  12:19  SCV  
  173  12:20  Marine x2  
  168  12:36  Supply Depot  
  166  12:37  Supply Depot  
  166  12:39  Supply Depot  
  165  12:48  Supply Depot  
  165  12:58  Marine x8  
  173  12:59  Marine, Siege Tank, SCV x2  
  166  13:06  Armory  
  166  13:11  SCV, Liberator x2  
  173  13:16  Marine x3  
  176  13:20  Marine  
  176  13:21  Marine  
  176  13:24  Marine  
  176  13:26  Marine  
  180  13:31  Siege Tank  
  181  13:39  Marine x4  
  182  13:45  Marine  
  182  13:46  Marine x4  
  187  13:50  SCV  
  185  13:57  Marine x4  
  185  14:00  Supply Depot  
  185  14:01  Supply Depot  
  182  14:02  Marine  
  182  14:03  Siege Tank  
  182  14:04  Marine  
  182  14:05  Marine  
  182  14:06  Marine  
  182  14:09  Marine  
  174  14:14  Marine  
  174  14:16  Marine  
  176  14:21  Marine  
  173  14:24  Terran Infantry Armor Level 2, Terran Infantry Weapons Level 3  
  173  14:26  Marine  
  173  14:30  Marine  
  172  14:33  Marine  
  172  14:34  Marine  
  172  14:35  Siege Tank  
  172  14:38  Marine x3  
  180  14:41  Marine  
  180  14:42  Marine  
  180  14:43  Orbital Command  
  180  14:45  Sensor Tower  
  182  14:46  Marine  
  182  14:47  Marine  
  182  14:50  Marine, Liberator  
  186  14:57  Marine  
  186  14:59  Marine  
  176  15:02  Marine  
  176  15:03  Marine  
  176  15:05  Marine  
  169  15:07  Marine, Siege Tank  
  169  15:13  Marine  
  166  15:15  Marine, Liberator  
  166  15:16  Marine  
  166  15:17  Marine  
  166  15:19  Marine  
  175  15:35  Marine  
  175  15:38  Marine x3  
  178  15:58  Medivac, Command Center  
  178  16:03  Starport  
  171  16:04  Medivac  
  171  16:09  SCV x2  
  171  16:10  Refinery  
  171  16:11  Refinery  
  172  16:12  Starport  
  172  16:13  Starport  
  172  16:21  SCV  
  172  16:22  SCV  
  172  16:24  Supply Depot  
  174  16:32  Supply Depot  
  174  16:34  SCV x2  
  174  16:37  Marine, Missile Turret  
  177  16:42  Marine  
  177  16:43  Marine x2  
  177  16:46  SCV  
  181  16:48  Marine  
  181  16:53  Medivac x2  
  185  16:54  Marine  
  185  17:00  Marine, Missile Turret  
  184  17:10  Starport Tech Lab  
  184  17:11  Starport Tech Lab  
  181  17:21  Siege Tank  
  184  17:28  Marine  
  185  17:30  Raven x2  
  185  17:36  Marine  
  187  17:42  Marine  
  188  17:48  Sensor Tower  
  188  17:53  Terran Infantry Armor Level 3  
  186  18:00  Viking  
  186  18:03  Marine  
  186  18:05  Raven x2  
  193  18:10  Marine x2  
  194  18:16  Marine x3  
  194  18:19  Marine  
  197  18:23  Marine  
  197  18:24  Marine  
  198  18:29  Marine  
  198  18:31  Marine  
  197  18:36  Marine  
  197  18:39  Raven  
  198  18:53  Marine x2  
  190  19:10  Raven  
  190  19:13  Planetary Fortress, Raven  
  190  19:30  Marine  
  191  19:33  Marine  
  191  19:35  Marine  
  193  19:39  Marine  
  193  19:41  Marine x2  
  193  19:44  Marine  
  197  19:45  Marine  
  197  19:50  Raven  
  197  19:55  Marine x2  
  197  19:57  Marine  
  200  20:05  Marine  
  200  20:16  Sensor Tower  
  199  20:27  Viking  
  200  20:33  Command Center  
  200  20:41  Terran Ship Weapons Level 1  
  200  20:42  Viking  
  198  20:51  Refinery  
  198  21:00  Command Center  
  198  21:01  Refinery  
  198  21:03  Viking  
  195  21:20  Viking x2  
  199  21:31  Starport  
  198  21:52  Liberator x2  
  198  21:53  Liberator x2  
  190  22:05  Marine  
  171  22:09  Marine x7  
  178  22:29  Planetary Fortress  
  173  22:30  Marine  
  173  22:35  Viking  
  173  22:37  Marine x2  
  171  22:39  Marine  
  171  22:43  Marine  
  163  22:49  Viking  
  165  22:53  Planetary Fortress  
  165  23:02  Siege Tank  
  164  23:09  Viking  
  164  23:12  Marine  
  166  23:21  Marine  
  166  23:23  Marine  
  166  23:24  Marine x4  
  142  23:27  Viking  
  142  23:29  Viking  
  142  23:30  Marine  
  142  23:31  Marine  
  144  23:35  Siege Tank  
  144  23:39  Marine  
  142  23:42  Raven x2  
  142  23:43  Marine  
  144  23:48  Marine  
  144  24:00  Marine x4  
  137  24:03  Marine  
  137  24:04  Marine  
  137  24:06  Marine x3  
  139  24:13  Viking  
  139  24:16  Raven  
  134  24:18  Marine x4  
  134  24:21  Marine  
  134  24:22  Marine  
  140  24:26  Marine  
  140  24:29  Viking  
  140  24:31  Marine  
  119  24:35  Marine  
  121  24:39  Marine  
  121  24:40  Marine  
  119  24:45  Refinery  
  119  24:46  Refinery  
  119  24:51  Marine  
  120  24:53  Marine  
  120  24:59  Marine x2  
  123  25:05  Marine  
  125  25:11  Marine  
  127  25:14  Raven  
  127  25:18  Marine x2  
  128  25:22  Marine  
  128  25:25  Marine x2  
  130  25:29  Marine  
  131  25:38  Marine  
  131  25:40  Marine  
  133  25:43  Marine  
  112  25:50  Marine  

Tags
 
Add a new tag
Caveats
  • Supply blocks, unpowered buildings, or Contaminate may cause inaccurate times.
  • Supply counts are checked every 10 seconds.